 Dungeon Crawl Stone Soup version 0.27.1-2-g3b301248ec (webtiles) character file.

Game seed: 8546327234943820043

1 Descartes the Sneak (level 1, 0/10 HPs)
             Began as a Felid Delver on Oct 2, 2021.
             Succumbed to an adder's poison
             ... on level 4 of the Dungeon.
             The game lasted 00:02:23 (92 turns).

Descartes the Sneak (Felid Delver)                    Turns: 92, Time: 00:02:23

Health: 0/10       AC:  1    Str:  8    XL:     1   Next: 16%
Magic:  2/2        EV: 17    Int: 11    God:
Gold:   8          SH:  0    Dex: 17    Spells: 0/0 levels left
                                        Lives:  0   Deaths: 0

rFire    . . .     SeeInvis +     - Unarmed
rCold    . . .     Faith    .   (shield unavailable)
rNeg     . . .     Spirit   .   (armour unavailable)
rPois    .         Reflect  .   (helmet unavailable)
rElec    .         Harm     .   (cloak unavailable)
rCorr    .         Rampage  .   (gloves unavailable)
Will     .....                  (boots unavailable)
Stlth    +++.......             (no amulet)
HPRegen  0.03/turn              (no ring)
MPRegen  0.08/turn              (no ring)

@: lethally poisoned (0 -> -4), quick
A: very small, claws 1, fangs 3, see invisible, speed 1, shaggy fur 1, stealthy
paws, no weapons or thrown items, no armour, multi-lived
a: no special abilities


You were on level 4 of the Dungeon.
You visited 1 branch of the dungeon, and saw 2 of its levels.

You collected 8 gold pieces.

Inventory:

Wands
 e - a wand of digging (2)
Scrolls
 a - a scroll of fog
 c - a scroll of fear
Potions
 d - a potion of haste
 f - 2 potions of degeneration {unknown}


   Skills:
 - Level 3.0 Fighting
 + Level 2.7 Dodging
 * Level 6.6 Stealth
 + Level 2.0 Unarmed Combat


You couldn't memorise any spells.
You didn't know any spells.
Your spell library was empty.

Dungeon Overview and Level Annotations

Branches:
Dungeon (5/15)
 Temple: D:4-7

Altars:

Portals:
Sewer: D:4


Innate Abilities, Weirdness & Mutations

You have sharp claws.
You have razor-sharp teeth.
You have supernaturally acute eyesight. (SInv)
You cover ground quickly. (Speed+)
You are covered in fur. (AC +1)
Your paws help you pounce on unaware monsters.
You are incapable of wielding weapons or throwing items.
You cannot wear armour.
You gain extra lives every three experience levels.


Message History

There is a stone staircase leading up here.
Aiming: Dig
Press: ? - help, Shift-Dir - straight line A rock wall.
The rock shatters into small pieces.
Found a glowing drain.
Found a stone staircase leading up.
You hear the slow hiss of a distant avalanche of sand.
You hear the slow rusting of a drain.
You open the door.
The adder hisses angrily.
The adder hisses angrily.
You scratch the giant cockroach.
The giant cockroach is lightly wounded.
The giant cockroach barely misses you.
You scratch the giant cockroach.
The giant cockroach is severely wounded.
The giant cockroach completely misses you.
You barely miss the giant cockroach. You bite the giant cockroach.
You kill the giant cockroach!
The adder misses you.
You closely miss the adder. The adder closely misses you.
You scratch the adder.
The adder is lightly wounded.
The adder completely misses you.
You scratch the adder.
The adder is severely wounded.
The adder barely misses you.
You scratch the adder but do no damage.
The adder is severely wounded.
The adder bites you.
Ouch! That really hurt!
You are lethally poisoned!
The adder poisons you!
* * * LOW HITPOINT WARNING * * *
You feel sick.
* * * LOW HITPOINT WARNING * * *
You feel sick.
* * * LOW HITPOINT WARNING * * *
You feel sick.
You die...

8** *,,,*******###...#.##......,,
** *,,,,,,,,,,,...<............,
*,,,*********#....#######...,
*,,,* ####S#.#≈≈≈≈≈#..., *,,,*
#..†...'≈≈∩≈≈#...* ***,,,*
#S####.#≈≈≈≈≈#..#* ***,,,,** #S#
#.#######.#* *≈≈≈≈,,* #.#
#.........# ≈≈**≈*,****** #@#
####.####.#
≈**≈≈*,*≈≈≈≈***#^#*### #.####.###
**≈≈≈≈≈≈≈**≈**,...,..# #.........
,******≈**≈≈**.#.###.# ##........
*,*,*,***≈≈**#.#.# #.# #..#.....
,,,≈,≈,,+≈** #,#.###.####..##.#..
*,*,*,##*≈≈#*#.#.................
,****##≈#*≈≈##.###.#.####..##.#..
#*≈≈≈≈≈≈≈##≈##.......# #.......,


You could see 2 adders.

Vanquished Creatures
  A giant cockroach (D:4)
1 creature vanquished.

Notes
Turn   | Place    | Note
-------+----------+-------------------------------------------
     0 | D:5      | Descartes the Felid Delver began the quest for the Orb.
     0 | D:5      | Reached XP level 1. HP: 10/10 MP: 2/2
    70 | D:4      | Found a glowing drain.
    92 | D:4      | Succumbed to an adder's poison

Illustrated notes

Levels and vault maps discovered:
D:4:      layout_loops_corners, nicolae_ru_the_path_less_chosen,
          gup_sewer_entry_glass, chequers_ossuary_entry_cave,
          minmay_manual_mullet
D:5:      layout_cave_pools, grunt_dithmenos_shadows,
          gammafunk_ghost_nasty_kobolds

Action                   || total
-------------------------++-------
Melee: Unarmed           ||     7
       Bite              ||     1
Evoke: Wand              ||     1
  Use: Scroll            ||     1
Dodge: Dodged            ||     6
